 Dungeon Crawl Stone Soup version 0.24.0-123-gd5b16e6ec5 (webtiles) character file.

Game seed: 9526028522538762474, levelgen mode: deterministic

3093 ReteAZ the Cleaver (level 9, -3/87 HPs)
             Began as a Gargoyle Gladiator on Jan 1, 2020.
             Was an Elder of Okawaru.
             Slain by a porcupine (6 damage)
             ... on level 7 of the Dungeon.
             The game lasted 00:11:28 (6546 turns).

ReteAZ the Cleaver (Gargoyle Gladiator)             Turns: 6546, Time: 00:11:29

Health: -3/87      AC: 24    Str: 20    XL:     9   Next: 90%
Magic:  9/9        EV:  2    Int: 10    God:    Okawaru [****..]
Gold:   315        SH:  0    Dex: 11    Spells: 8/8 levels left

rFire    . . .     SeeInvis .   a - +0 war axe
rCold    . . .     Gourm    +   (no shield)
rNeg     + + +     Faith    .   (armour currently unavailable)
rPois    ∞         Spirit   .   (helmet currently unavailable)
rElec    .         Reflect  .   (cloak currently unavailable)
rCorr    .         Harm     .   (gloves currently unavailable)
MR       +....     NoTele   +   (boots currently unavailable)
Stlth    +.........             H - amulet of the gourmand
HPRegen  0.24/turn              G - +2 ring of evasion
MPRegen  0.11/turn              t - ring of protection from magic

@: tree-form
A: negative energy resistance 1, petrification resistance, rot immunity, AC +6
a: Heroism, Renounce Religion


You were on level 7 of the Dungeon.
You worshipped Okawaru.
Okawaru was greatly pleased with you.
You were full.
You were a tree.
You visited 1 branch of the dungeon, and saw 8 of its levels.

You collected 315 gold pieces.

Inventory:

Hand Weapons
 a - a +0 war axe (weapon)
Missiles
 d - 3 throwing nets
 D - 9 boomerangs (quivered)
Armour
 c - a +0 helmet (melded)
 l - a +0 cloak (melded)
 y - a +0 large shield
 I - a +3 plate armour (melded)
Jewellery
 t - a ring of protection from magic (right branch)
 G - a +2 ring of evasion (left branch)
 H - an amulet of the gourmand (around neck)
 K - an uncursed ring of positive energy
Wands
 g - a wand of polymorph (1)
 s - a wand of scattershot (4)
 v - a wand of random effects (29)
 F - a wand of clouds (6)
Scrolls
 i - 5 scrolls of fog {unknown}
 j - 8 scrolls of identify {unknown}
 k - 9 scrolls of teleportation {unknown}
 m - 7 scrolls of remove curse {unknown}
 o - a scroll of magic mapping {unknown}
 p - a scroll of blinking {unknown}
 r - 4 scrolls of noise {unknown}
 w - a scroll of silence {unknown}
 z - a scroll of immolation {unknown}
 B - a scroll of fear {unknown}
Potions
 e - 3 potions of might {unknown}
 n - 3 potions of lignification
 q - a potion of heal wounds {unknown}
 u - 2 potions of mutation {unknown}
 x - a potion of ambrosia {unknown}
 A - a potion of resistance {unknown}
 J - a potion of curing {unknown}
Comestibles
 f - 14 rations


   Skills:
 + Level 7.6 Fighting
 * Level 9.2 Axes
 - Level 1.7 Throwing
 + Level 7.2 Armour
 - Level 2.4 Dodging


You had 8 spell levels left.
You didn't know any spells.
Your spell library contained the following spells:

 Spells                   Type           Power        Failure   Level  Hunger
 Flame Tongue             Conj/Fire      #....        36%         1    ##.....
 Throw Flame              Conj/Fire      #.....       50%         2    ###....
 Conjure Flame            Conj/Fire      #.......     75%         3    ####...
 Inner Flame              Hex/Fire       #.......     75%         3    ####...
 Sticky Flame             Conj/Fire      #.......     98%         4    #####..
 Fireball                 Conj/Fire      #.........   100%        5    ######.


Dungeon Overview and Level Annotations

Branches:
Dungeon (8/15)             Temple (0/1) D:4
   Lair: D:8-11

Altars:
Dithmenos
Okawaru
Qazlal
Sif Muna
Xom

Shops:
D:5 :   D:6 =

Annotations:
D:7 2 transporters


Innate Abilities, Weirdness & Mutations

You are resistant to torment.
((Your stone body is resilient. (AC +6)))
You are immune to poison.
You resist negative energy. (rN+)
((You are resistant to electric shocks. (rElec)))
((You can survive without breathing.))
You are immune to petrification.
You are immune to rotting.


Message History

You hit the porcupine but do no damage.
The porcupine is severely wounded.
The porcupine bites you.
* * * LOW HITPOINT WARNING * * *
Unknown command.
You barely miss the porcupine.
The porcupine is severely wounded.
The porcupine barely misses you.
The porcupine bites you but does no damage.
Unknown command.
You are struck by the porcupine's spines.
* * * LOW HITPOINT WARNING * * *
You barely miss the porcupine.
The porcupine is severely wounded.
The porcupine bites you but does no damage.
Unknown command.
You barely miss the porcupine.
The porcupine is severely wounded.
The porcupine bites you.
You die...

#.##......'...#D?....
#.##......#..©#ZO....
#..#.#######..#_?....
##.#.# ##.#$$.#.#
#...# #.#8.#... ##..#
#.##..... #..#
#..######
#..#########.......
#.♣r.....# ########
########.# ######.#
#...##.# ###########
#...##.#####
#.........#
#...#......#
###.#######.#
#...#....#.# #...#
#.# #..........#
###.###
#.####.#.###.###


You could see a porcupine.

Vanquished Creatures
  A hippogriff (D:7)
  Eustachio (D:6)
  A wyvern (D:8)
  An ice beast (D:5)
  2 orc warriors (D:7)
  2 phantoms
  2 sky beasts
  2 ogres (D:8)
  2 wolves
  A crocodile (D:8)
  4 bullfrogs
  A wyvern zombie (D:4)
  2 scorpions
  4 wights (D:7)
  A howler monkey (D:6)
  A centaur zombie (D:8)
  A jelly (D:7)
  5 hounds
  2 orc priests
  A bullfrog skeleton (D:6)
  10 worker ants
  An iguana (D:4)
  Ijyb (D:2)
  3 orc wizards
  A hound zombie (D:7)
  2 howler monkey skeletons
  4 gnolls (D:6)
  8 adders
  3 shadow imps
  An ooze (D:1)
  2 adder skeletons
  2 adder zombies
  3 worms
  4 dart slugs
  2 leopard geckos (D:5)
  24 orcs
  5 giant cockroaches
  12 goblins
  8 hobgoblins
  11 jackals
  7 kobolds
  2 ball pythons
  4 bats
  2 frilled lizards
  A jackal zombie (D:5)
  A leopard gecko skeleton (D:4)
  6 rats
167 creatures vanquished.

Vanquished Creatures (others)
  An orc (D:3)
  A giant cockroach (D:3)
  A goblin (D:3)
  3 plants (D:8)
6 creatures vanquished.

Grand Total: 173 creatures vanquished

Notes
Turn   | Place    | Note
-------+----------+-------------------------------------------
     0 | D:1      | ReteAZ the Gargoyle Gladiator began the quest for the Orb.
     0 | D:1      | Reached XP level 1. HP: 12/12 MP: 1/1
    64 | D:1      | Reached skill level 3 in Axes
    64 | D:1      | Reached XP level 2. HP: 14/18 MP: 2/2
   367 | D:1      | Reached skill level 1 in Armour
   560 | D:1      | Found an iron altar of Okawaru.
   855 | D:1      | Became a worshipper of Warmaster Okawaru
  1024 | D:2      | Found an iron altar of Okawaru.
  1102 | D:2      | Found a shadowy altar of Dithmenos.
  1116 | D:2      | Reached XP level 3. HP: 22/22 MP: 3/3
  2139 | D:3      | Reached XP level 4. HP: 21/27 MP: 4/4
  2439 | D:3      | Reached skill level 4 in Axes
  2455 | D:3      | Reached XP level 5. HP: 27/32 MP: 5/5
  2628 | D:3      | Noticed Ijyb
  2806 | D:2      | Killed Ijyb
  3087 | D:4      | Reached * piety under Okawaru
  3087 | D:4      | Reached XP level 6. HP: 13/38 MP: 6/6
  3296 | D:4      | Found a staircase to the Ecumenical Temple.
  3668 | D:4      | Reached skill level 5 in Axes
  4113 | D:5      | Entered Level 5 of the Dungeon
  4185 | D:5      | Reached XP level 7. HP: 42/44 MP: 7/7
  4243 | D:5      | Found Efipn's Book Emporium.
  4263 | D:5      | Reached ** piety under Okawaru
  4643 | D:5      | Reached skill level 6 in Axes
  4666 | D:5      | Reached skill level 5 in Fighting
  4815 | D:6      | Reached XP level 8. HP: 49/49 MP: 8/8
  4916 | D:6      | Reached skill level 5 in Armour
  5064 | D:6      | Reached skill level 7 in Axes
  5079 | D:6      | Reached *** piety under Okawaru
  5215 | D:6      | Found Buukewk's Jewellery Boutique.
  5218 | D:6      | Noticed Eustachio
  5242 | D:6      | Killed Eustachio
  5248 | D:6      | Found a stormy altar of Qazlal.
  5366 | D:6      | Noticed a six-headed hydra
  5476 | D:7      | Found a shimmering blue altar of Sif Muna.
  5476 | D:7      | Found a shimmering altar of Xom.
  5477 | D:7      | Noticed an ice dragon
  5479 | D:7      | Found a transporter.
  5537 | D:7      | Reached XP level 9. HP: 56/56 MP: 9/9
  5583 | D:7      | Reached skill level 8 in Axes
  5671 | D:7      | Found a transporter.
  5826 | D:7      | Reached **** piety under Okawaru
  6508 | D:8      | Reached skill level 9 in Axes
  6545 | D:7      | HP: 2/87 [porcupine's spines (3)]
  6546 | D:7      | Slain by a porcupine

Levels and vault maps discovered:
D:1:      dpeg_arrival_round_a, layout_loops_ring, kennysheep_flooded_box
D:2:      layout_basic, lemuel_crystal_altar, nicolae_dithmenos_shadow_blocks
D:3:      kennysheep_the_goblin_king, layout_basic, serial_forest,
          infiniplex_forest_side_room, infiniplex_forest_diagonal,
          infiniplex_forest_lined_2, infiniplex_forest_clump_tiny,
          minmay_fractal_squares_diagonal_5
D:4:      layout_basic, minmay_temple_entry_statues, first_ration
D:5:      layout_loops_ring, serial_shops, shop,
          minmay_fractal_squares_gapless_5
D:6:      layout_loops_ring, overflow_temple_1_default, serial_shops, shop,
          hangedman_decor_opposing, nicolae_water_bricks, minmay_fountain_box,
          nicolae_qazlal_general_emergency, uniq_eustachio
D:7:      layout_basic, gammafunk_temple_overflow_arena
D:8:      minmay_angry_zag, layout_basic, minmay_lair_entry_grove,
          grunt_ogre_cave, lemuel_altar_in_water2

Skill      XL: |  1  2  3  4  5  6  7  8  9 |
---------------+----------------------------+-----
Axes           | 3 4 5 6 7 9 |  9.2
Armour         | 1 2 3 4 5 7 |  7.2
Fighting       | 3 4 5 6 7 |  7.6
Throwing       | |  1.7
Dodging        | |  2.4

Action                   |  1- 3 |  4- 6 |  7- 9 || total
-------------------------+-------+-------+-------++-------
Melee: War axe           |   128 |   214 |   453 ||   795
       Unarmed           |       |    15 |       ||    15
Throw: Throwing net      |       |     1 |       ||     1
       Boomerang         |       |       |     2 ||     2
Invok: Heroism           |       |       |     1 ||     1
  Use: Potion            |       |       |     1 ||     1
  Eat: Chunk             |     4 |     7 |    19 ||    30
Armor: Leather armour    |    11 |       |       ||    11
       Plate armour      |   126 |   214 |   388 ||   728
       Skin              |       |     3 |     5 ||     8
Dodge: Dodged            |    39 |    87 |   195 ||   321
